Map: Pillars of Gold LE

Players

zuka - Winner!

  • Race: Protoss Protoss
  • League: Master
  • Spawn Location: 1:00

zulema

  • Race: Terran Terran
  • League: Master
  • Spawn Location: 7:00

VOD

Have the link to the VOD?

Description

Time

  • Played on: Sept. 8, 2020, 3:41 p.m.
  • Length: 15:43
Show
View Real Time Build Order
Export as new Build Order

zuka Protoss - Winner!

Build Orders: Oracle Opening, Carriers, Colossus Rush 

Get SALT Encoding   

  12  0:00  Probe  
  13  0:12  Probe  
  14  0:18  Pylon  
  14  0:24  Probe (Chrono Boost)  
  15  0:37  Probe (Chrono Boost)  
  15  0:41  Gateway  
  16  0:42  Probe (Chrono Boost)  
  17  0:50  Assimilator  
  17  0:54  Probe (Chrono Boost)  
  18  1:06  Probe (Chrono Boost)  
  18  1:09  Assimilator  
  19  1:14  Probe (Chrono Boost)  
  20  1:21  Probe  
  21  1:30  Cybernetics Core  
  21  1:33  Probe  
  22  1:40  Pylon  
  22  1:45  Probe  
  23  2:05  Nexus  
  23  2:11  Stalker (Chrono Boost)  
  25  2:17  Warp Gate  
  25  2:20  Probe  
  26  2:30  Stargate  
  26  2:34  Probe  
  27  2:41  Stalker  
  29  2:48  Pylon  
  29  2:51  Probe  
  30  3:03  Probe, Shield Battery  
  31  3:11  Oracle (Chrono Boost)  
  31  3:16  Probe  
  31  3:18  Probe  
  36  3:26  Robotics Facility  
  36  3:29  Probe  
  36  3:31  Probe  
  36  3:34  Void Ray (Chrono Boost)  
  42  3:44  Probe  
  44  3:50  Assimilator  
  44  3:56  Probe  
  44  3:59  Probe  
  44  4:01  Assimilator  
  45  4:04  Void Ray  
  45  4:11  Probe  
  51  4:23  Pylon, Immortal  
  54  4:40  Robotics Bay  
  54  4:41  Probe (Chrono Boost)  
  54  4:44  Probe (Chrono Boost)  
  56  4:48  Void Ray  
  56  4:51  Pylon  
  56  4:52  Probe (Chrono Boost)  
  57  4:56  Probe (Chrono Boost)  
  62  5:09  Probe, Observer (Chrono Boost)  
  64  5:15  Nexus  
  64  5:20  Pylon  
  64  5:29  Colossus (Chrono Boost)  
  64  5:35  Observer  
  70  5:38  Void Ray (Chrono Boost)  
  70  5:45  Extended Thermal Lance  
  70  5:47  Probe  
  70  5:48  Probe  
  76  5:59  Probe  
  76  6:00  Probe  
  76  6:02  Pylon  
  78  6:12  Void Ray (Chrono Boost)  
  78  6:13  Shield Battery  
  78  6:18  Colossus (Chrono Boost)  
  78  6:19  Pylon  
  84  6:26  Probe x2  
  84  6:30  Probe  
  91  6:38  Probe x2  
  93  6:42  Fleet Beacon  
  94  6:50  Probe x2  
  95  6:55  Probe, Colossus (Chrono Boost)  
  102  7:02  Probe x2  
  102  7:06  Pylon  
  104  7:11  Probe  
  104  7:14  Probe x2  
  107  7:20  Pylon  
  107  7:23  Probe, Carrier (Chrono Boost)  
  107  7:26  Probe  
  115  7:33  Probe  
  115  7:35  Probe  
  117  7:37  Stargate  
  117  7:40  Probe  
  118  7:45  Probe  
  118  7:46  Assimilator  
  118  7:49  Observer  
  117  7:51  Assimilator  
  117  7:53  Protoss Air Weapons Level 1 (Chrono Boost)  
  117  7:55  Stalker  
  113  8:04  Observer (Chrono Boost)  
  109  8:13  Probe x2  
  109  8:15  Probe  
  112  8:25  Probe x2, Forge  
  114  8:28  Probe  
  115  8:36  Carrier (Chrono Boost)  
  115  8:37  Probe x2  
  115  8:40  Probe  
  124  8:43  Pylon  
  124  8:49  Probe  
  124  8:51  Pylon  
  124  8:52  Pylon  
  125  8:55  Pylon  
  125  9:01  Probe x2, Carrier (Chrono Boost)  
  133  9:03  Photon Cannon  
  133  9:05  Photon Cannon  
  133  9:09  Probe, Photon Cannon  
  134  9:11  Shield Battery  
  134  9:13  Probe x2  
  136  9:18  Stargate  
  136  9:21  Probe  
  136  9:22  Cybernetics Core  
  137  9:25  Probe x2  
  137  9:26  Photon Cannon  
  139  9:33  Probe  
  139  9:35  Carrier (Chrono Boost)  
  139  9:37  Probe  
  147  9:40  Probe  
  147  9:45  Probe  
  149  9:59  Void Ray (Chrono Boost)  
  148  10:00  Immortal  
  126  10:33  Carrier (Chrono Boost)  
  132  10:42  Carrier (Chrono Boost)  
  114  10:59  Pylon  
  114  11:01  Pylon, Immortal (Chrono Boost)  
  118  11:07  Photon Cannon  
  118  11:11  Photon Cannon  
  118  11:14  Carrier (Chrono Boost)  
  118  11:15  Stargate  
  118  11:17  Pylon  
  118  11:21  Pylon  
  118  11:27  Void Ray (Chrono Boost)  
  122  11:38  Void Ray (Chrono Boost)  
  122  11:39  Stargate, Nexus, Pylon  
  126  11:40  Pylon  
  126  11:42  Pylon  
  126  11:45  Observer (Chrono Boost)  
  127  11:50  Protoss Air Weapons Level 2 (Chrono Boost)  
  127  11:51  Pylon  
  127  11:56  Assimilator  
  127  12:00  Assimilator  
  127  12:01  Carrier (Chrono Boost)  
  127  12:06  Void Ray (Chrono Boost)  
  137  12:11  Pylon  
  137  12:15  Photon Cannon  
  137  12:16  Photon Cannon  
  143  12:23  Probe  
  143  12:24  Probe x2  
  146  12:30  Photon Cannon  
  146  12:31  Photon Cannon  
  146  12:35  Probe  
  146  12:36  Probe  
  154  12:47  Carrier (Chrono Boost)  
  153  13:04  Carrier (Chrono Boost)  
  153  13:06  Stargate  
  153  13:07  Carrier (Chrono Boost)  
  153  13:09  Probe x2  
  153  13:10  Probe  
  162  13:14  Photon Cannon  
  162  13:16  Photon Cannon  
  162  13:17  Photon Cannon  
  162  13:18  Unknown  
  162  13:19  Photon Cannon, Gateway, Void Ray (Chrono Boost)  
  172  13:46  Carrier (Chrono Boost)  
  180  13:59  Stargate  
  155  14:11  Void Ray (Chrono Boost)  
  153  14:18  Void Ray (Chrono Boost)  
  156  14:30  Nexus  
  159  14:31  Void Ray (Chrono Boost)  
  159  14:35  Pylon  
  161  14:49  Probe x2  
  161  14:50  Probe  
  154  14:58  Nexus  
  148  15:27  Probe x3  
Show
View Real Time Build Order
Export as new Build Order

zulema Terran 

Build Orders:  

Get SALT Encoding   

  12  0:00  SCV  
  13  0:12  SCV  
  14  0:18  Supply Depot  
  14  0:25  SCV  
  15  0:30  Refinery  
  15  0:40  SCV  
  16  0:46  Barracks  
  16  0:52  SCV  
  17  1:04  SCV  
  18  1:16  SCV  
  19  1:33  Marine  
  19  1:34  Orbital Command  
  20  1:53  Command Center  
  20  2:01  SCV  
  20  2:02  Barracks Reactor  
  21  2:13  Factory  
  21  2:21  Supply Depot  
  21  2:24  SCV  
  22  2:31  Bunker  
  22  2:36  SCV  
  23  2:42  Marine x2  
  25  2:46  Refinery  
  25  2:53  SCV  
  25  2:58  Factory Tech Lab  
  26  3:02  Starport  
  26  3:03  Marine  
  26  3:05  Marine  
  28  3:09  SCV  
  29  3:19  Cyclone  
  32  3:23  SCV  
  33  3:27  Orbital Command  
  33  3:31  Marine  
  33  3:32  Marine  
  35  3:37  SCV  
  35  3:40  Starport Tech Lab  
  36  3:49  Marine  
  36  3:52  Barracks  
  36  3:53  SCV x2  
  39  3:58  Cyclone  
  39  4:00  Marine  
  43  4:06  SCV x2  
  45  4:14  Supply Depot  
  45  4:18  Marine, SCV  
  45  4:21  SCV  
  48  4:25  Banshee  
  48  4:29  Supply Depot  
  51  4:32  Supply Depot  
  51  4:36  Marine x2  
  53  4:40  Refinery  
  53  4:43  SCV  
  53  4:44  SCV  
  55  4:48  Supply Depot  
  55  4:51  Cloaking Field  
  55  4:55  SCV  
  55  4:58  SCV  
  57  5:05  Cyclone  
  60  5:08  Marine x2, SCV  
  60  5:10  SCV  
  64  5:19  Barracks Tech Lab  
  64  5:20  SCV  
  64  5:21  Refinery  
  65  5:22  SCV  
  65  5:25  Banshee  
  65  5:28  Marine x2  
  70  5:32  Supply Depot, SCV  
  71  5:40  SCV  
  71  5:42  Marine  
  72  5:44  SCV  
  72  5:45  Marine  
  72  5:46  Siege Tank  
  72  5:48  Marine  
  79  5:52  Supply Depot  
  79  5:53  SCV, Supply Depot  
  80  6:00  Marine  
  80  6:03  Marine  
  82  6:04  Supply Depot  
  82  6:08  Banshee, SCV  
  82  6:09  SCV  
  82  6:11  Marine, Supply Depot  
  87  6:14  Combat Shield  
  87  6:18  Marine  
  88  6:21  Marine  
  88  6:24  Siege Tank  
  93  6:29  Marine  
  94  6:36  Marine, SCV  
  94  6:39  Marine  
  97  6:43  Engineering Bay  
  97  6:46  Starport  
  97  6:47  Marine  
  97  6:51  SCV  
  97  6:54  Marine  
  100  6:55  SCV  
  100  6:57  Command Center  
  101  7:03  SCV, Marine, Supply Depot  
  103  7:12  Marauder  
  103  7:14  Barracks  
  105  7:16  SCV x2  
  105  7:18  Starport Reactor  
  105  7:21  Supply Depot  
  107  7:27  Siege Tank  
  107  7:28  SCV  
  107  7:29  Terran Infantry Weapons Level 1  
  111  7:30  Starport Reactor  
  111  7:33  Stimpack, Marauder  
  113  7:37  SCV  
  113  7:38  Supply Depot  
  113  7:40  Supply Depot, SCV  
  115  7:50  SCV  
  116  7:52  SCV  
  116  7:54  Marine x3  
  120  8:07  Siege Tank  
  120  8:08  Viking x3  
  120  8:12  SCV  
  130  8:18  Orbital Command  
  130  8:19  SCV  
  131  8:22  Marine x3  
  131  8:24  Concussive Shells, SCV  
  135  8:31  Engineering Bay, SCV  
  136  8:38  SCV  
  137  8:42  Refinery x2  
  137  8:44  Viking x3, SCV  
  137  8:45  Viking  
  146  8:56  Marine x4  
  146  8:57  Armory  
  150  9:03  Supply Depot, SCV x2  
  150  9:06  SCV  
  153  9:10  Siege Tank  
  153  9:14  Marine  
  153  9:15  SCV  
  158  9:18  Viking  
  158  9:19  Viking  
  158  9:20  Marine  
  158  9:21  Marauder, Marine  
  166  9:26  Viking  
  166  9:29  Supply Depot  
  168  9:41  Viking  
  168  9:42  Marauder x2  
  168  9:43  Marine  
  168  9:44  Marine  
  176  9:48  Viking  
  177  9:53  Viking  
  177  9:56  Viking  
  181  10:03  Marauder  
  183  10:11  Viking  
  155  10:16  Marine x3  
  155  10:18  Viking  
  134  10:23  Viking  
  134  10:24  Marine  
  134  10:26  Viking  
  131  10:33  Marine  
  131  10:34  Marine x2  
  129  10:41  Viking  
  129  10:42  Marine  
  129  10:48  Viking  
  122  10:51  Marine x2  
  122  10:52  Marine  
  122  10:53  Viking  
  122  10:56  Viking  
  121  11:00  Marine  
  121  11:02  SCV  
  120  11:06  Cyclone  
  120  11:09  Marine x2  
  120  11:10  Marauder  
  120  11:11  Viking  
  131  11:18  Viking, Marauder  
  131  11:21  Terran Infantry Weapons Level 2, Armory  
  131  11:23  Viking  
  131  11:24  Terran Infantry Armor Level 1  
  135  11:26  Viking  
  135  11:27  Marine  
  135  11:28  Terran Ship Weapons Level 1  
  135  11:31  Marauder, Marine  
  141  11:34  Command Center  
  141  11:39  Marine  
  142  11:45  Marine  
  143  11:49  Marine  
  143  11:52  Marine  
  143  11:53  Viking x3  
  151  11:57  Marine  
  151  11:58  Cyclone, Starport  
  155  12:03  Marine  
  155  12:07  Marine  
  157  12:11  Marauder  
  161  12:15  Marauder  
  161  12:20  Marine  
  162  12:25  Marine  
  162  12:27  Viking  
  165  12:30  Cyclone  
  165  12:32  Marauder  
  172  12:37  Marauder  
  172  12:38  Marine  
  172  12:39  Starport Reactor  
  172  12:41  SCV  
  172  12:43  Marine  
  175  12:47  Orbital Command  
  175  12:53  Marauder  
  175  12:56  Marine  
  175  12:58  Marauder  
  171  13:02  Cyclone  
  171  13:03  Viking  
  171  13:04  Viking x3, Reaper  
  180  13:11  Refinery  
  180  13:12  Refinery  
  177  13:14  Marine  
  177  13:15  Marauder  
  177  13:19  Marauder  
  182  13:25  Terran Ship Weapons Level 2  
  182  13:26  Barracks  
  182  13:30  Barracks  
  182  13:31  Barracks  
  182  13:32  Barracks, Marine  
  183  13:34  Cyclone  
  183  13:36  Marauder, Marine  
  183  13:41  Marauder  
  191  13:49  Marine  
  191  13:54  Marine  
  193  13:58  Marauder  
  193  14:02  Marauder  
  189  14:06  Cyclone  
  189  14:07  Marine  
  158  14:11  Viking x6  
  158  14:12  Marine  
  158  14:13  Marine  
  143  14:19  Marauder  
  143  14:23  Marine x3  
  143  14:24  Marauder  
  137  14:25  Marine  
  137  14:30  Marine  
  137  14:31  Marine  
  120  14:40  Marauder  
  120  14:41  Viking x5, Marine x3  
  120  14:43  Marine  
  120  14:45  Marauder  
  138  14:47  Marine  
  138  14:49  Marine  
  138  14:52  Viking  
  140  14:53  Cyclone  
  140  14:58  Marine  
  140  14:59  Marine x2  
  146  15:01  Marine  
  146  15:02  Marauder  
  146  15:05  Marine  
  146  15:06  Marine x2  
  151  15:16  Marine x2  
  151  15:17  Marine  
  151  15:18  Marine  
  110  15:22  Marine  
  110  15:23  Marine  
  110  15:24  Marine x2  
Tags
 
Add a new tag
Caveats
  • Supply blocks, unpowered buildings, or Contaminate may cause inaccurate times.
  • Supply counts are checked every 10 seconds.